Map: 나이트쉐이드 - 래더

Players

IntoTheZoun (Zoun)

  • Race: Protoss Protoss
  • League: Master
  • Spawn Location: 11:00

llllllllllll (Trap) - Winner!

  • Race: Protoss Protoss
  • League: Master
  • Spawn Location: 5:00

VOD

Have the link to the VOD?

Description

Time

  • Played on: Jan. 9, 2020, 4:17 a.m.
  • Length: 5:24
Show
View Real Time Build Order
Export as new Build Order

IntoTheZoun Protoss 

Build Orders: Dark Templar Rush 

Get SALT Encoding   

  12  0:00  Probe  
  13  0:12  Probe  
  14  0:17  Pylon  
  14  0:24  Probe (Chrono Boost)  
  16  0:37  Probe (Chrono Boost)  
  16  0:38  Gateway  
  16  0:42  Probe (Chrono Boost)  
  16  0:45  Assimilator  
  17  0:51  Probe  
  17  0:54  Assimilator  
  18  1:03  Probe (Chrono Boost)  
  19  1:09  Gateway  
  19  1:13  Probe (Chrono Boost)  
  19  1:18  Probe (Chrono Boost)  
  20  1:25  Cybernetics Core  
  21  1:29  Probe  
  22  1:34  Pylon  
  22  1:41  Probe  
  23  1:54  Probe  
  24  1:58  Warp Gate (Chrono Boost)  
  24  2:01  Stalker x2  
  28  2:21  Pylon  
  28  2:31  Stalker  
  28  2:33  Gateway  
  30  2:39  Stalker  
  32  2:46  Twilight Council  
  32  2:54  Pylon  
  32  3:03  Shield Battery  
  32  3:09  Stalker x2  
  36  3:15  Pylon  
  36  3:21  Pylon  
  36  3:23  Probe  
  37  3:33  Dark Shrine  
  37  3:47  Probe  
  38  4:10  Gateway  
  38  4:12  Shield Battery  
  38  4:14  Shield Battery  
  38  4:18  Pylon  
  38  4:28  Nexus  
  38  4:33  Sentry  
  38  4:34  Stalker  
  31  4:53  Pylon  
  31  4:54  Pylon  
  31  4:57  Dark Templar  
  31  4:58  Dark Templar  
  24  5:04  Dark Templar  
Show
View Real Time Build Order
Export as new Build Order

llllllllllll Protoss - Winner!

Build Orders:  

Get SALT Encoding   

  12  0:00  Probe  
  13  0:12  Probe  
  14  0:18  Pylon  
  14  0:24  Probe (Chrono Boost)  
  15  0:36  Probe (Chrono Boost), Gateway  
  16  0:45  Probe (Chrono Boost)  
  16  0:48  Assimilator  
  17  0:51  Probe  
  17  0:54  Assimilator  
  18  1:03  Probe (Chrono Boost)  
  19  1:07  Gateway  
  20  1:12  Probe (Chrono Boost)  
  20  1:17  Probe (Chrono Boost)  
  20  1:23  Cybernetics Core  
  21  1:29  Probe  
  22  1:35  Pylon  
  22  1:41  Probe  
  23  1:53  Probe  
  24  1:58  Warp Gate (Chrono Boost)  
  24  2:00  Stalker x2  
  28  2:11  Pylon  
  28  2:30  Stalker x2  
  32  2:38  Robotics Facility  
  32  2:46  Gateway  
  32  3:00  Stalker  
  32  3:03  Stalker  
  36  3:11  Pylon  
  35  3:22  Warp Prism (Chrono Boost)  
  37  3:49  Stalker  
  37  3:50  Stalker x2  
  37  3:53  Observer  
  44  3:59  Pylon  
  44  4:17  Stalker x2  
  44  4:21  Stalker  
  48  4:48  Stalker x3  
  54  4:55  Observer (Chrono Boost)  
  51  5:11  Stalker x2  
  55  5:19  Pylon  
Tags
 
Add a new tag
Caveats
  • Supply blocks, unpowered buildings, or Contaminate may cause inaccurate times.
  • Supply counts are checked every 10 seconds.